Map: Королевская бухта РВ

Players

Murena - Winner!

  • Race: Terran Terran
  • Spawn Location: 11:00

ИИ 1 (эксперт)

  • Race: Zerg Zerg
  • Spawn Location: 5:00

VOD

Have the link to the VOD?

Description

Time

  • Played on: Aug. 8, 2019, 10:06 a.m.
  • Length: 11:51
Show
View Real Time Build Order
Export as new Build Order

Murena Terran - Winner!

Build Orders: Command Center First (CC) 

Get SALT Encoding   

  12  0:02  SCV  
  13  0:14  SCV  
  13  0:20  Supply Depot  
  14  0:26  SCV  
  15  0:53  SCV  
  16  1:01  Command Center  
  16  1:06  SCV  
  17  1:17  Barracks  
  17  1:20  SCV  
  18  1:28  Refinery  
  18  1:33  SCV  
  19  1:41  Supply Depot  
  19  1:45  SCV  
  20  2:03  Orbital Command  
  20  2:04  Marine  
  21  2:13  Orbital Command  
  21  2:22  Marine  
  22  2:30  Factory  
  22  2:31  SCV  
  23  2:40  Refinery, SCV  
  23  2:42  Marine  
  23  2:44  SCV  
  26  2:52  Barracks  
  26  2:53  SCV  
  26  2:56  SCV  
  28  3:00  Marine  
  29  3:07  SCV  
  29  3:10  SCV  
  31  3:14  Starport  
  31  3:17  Hellion  
  33  3:20  SCV  
  33  3:21  Barracks Reactor  
  33  3:22  SCV  
  33  3:25  Supply Depot  
  35  3:32  Refinery  
  35  3:33  SCV  
  35  3:34  Refinery  
  36  3:35  SCV  
  36  3:40  Hellion, Barracks Tech Lab  
  39  3:46  SCV  
  40  3:51  Starport, SCV  
  40  3:52  Starport Tech Lab  
  41  4:01  SCV  
  42  4:05  SCV  
  42  4:06  Marine x2  
  42  4:08  Marauder  
  47  4:11  Banshee  
  47  4:15  Supply Depot  
  47  4:16  SCV  
  51  4:18  SCV  
  52  4:28  Starport Tech Lab  
  52  4:30  SCV  
  53  4:31  SCV  
  53  4:34  Supply Depot  
  56  4:38  Marauder  
  56  4:39  Marine x2  
  56  4:41  Factory Tech Lab  
  56  4:43  SCV  
  56  4:45  SCV  
  60  4:50  Bunker  
  60  4:56  SCV  
  60  4:57  Banshee  
  60  4:58  SCV  
  65  5:01  Combat Shield  
  65  5:06  Banshee  
  65  5:07  Engineering Bay  
  68  5:11  Supply Depot, SCV  
  68  5:12  SCV  
  70  5:21  Starport  
  70  5:26  Armory  
  70  5:32  Factory  
  70  5:36  SCV  
  70  5:37  SCV  
  70  5:40  Banshee  
  70  5:41  Supply Depot  
  75  5:49  Banshee  
  78  5:55  Supply Depot  
  78  5:56  Missile Turret x2  
  78  5:57  Terran Infantry Weapons Level 1  
  78  6:04  Engineering Bay  
  78  6:07  Barracks  
  78  6:10  SCV x2  
  80  6:14  Marauder, Marine  
  80  6:15  Marine  
  80  6:16  Factory Tech Lab  
  80  6:18  Hellion  
  86  6:21  Supply Depot  
  86  6:23  Starport Tech Lab  
  86  6:24  Banshee  
  89  6:26  SCV  
  89  6:27  SCV  
  91  6:33  Marine  
  91  6:37  Marauder  
  94  6:42  Supply Depot  
  94  6:43  SCV x2  
  96  6:49  Hellion  
  96  6:50  Terran Infantry Armor Level 1  
  98  6:56  Command Center  
  98  6:57  Barracks Tech Lab  
  98  6:58  SCV x2  
  98  7:00  Marauder  
  102  7:01  Cloaking Field  
  102  7:06  Marine x2  
  104  7:09  Hyperflight Rotors  
  104  7:11  SCV  
  104  7:12  SCV  
  106  7:18  Hellion  
  108  7:23  Supply Depot  
  108  7:24  SCV  
  108  7:25  Fusion Core, SCV  
  110  7:30  Supply Depot  
  110  7:42  Factory  
  110  7:47  Concussive Shells  
  110  7:49  Infernal Pre-Igniter, Stimpack  
  110  7:52  Terran Vehicle Weapons Level 1  
  110  7:53  Marauder, Marine x3  
  110  7:54  SCV x2  
  117  8:01  Thor  
  123  8:07  Supply Depot  
  123  8:08  Orbital Command  
  123  8:10  Missile Turret  
  123  8:11  SCV x2  
Show
View Real Time Build Order
Export as new Build Order

ИИ 1 (эксперт) Zerg 

Build Orders: Hatch First, Muta Ling Bane, Zergling Baneling 

Get SALT Encoding   

  12  0:00  Drone  
  13  0:13  Overlord  
  13  0:18  Drone  
  14  0:31  Drone x2  
  14  0:34  Drone  
  17  0:56  Drone, Hatchery  
  17  1:13  Spawning Pool  
  17  1:15  Extractor  
  17  1:16  Drone  
  16  1:20  Drone  
  16  1:24  Extractor  
  16  1:26  Drone  
  16  1:31  Drone  
  18  1:39  Drone  
  19  1:49  Overlord  
  19  2:00  Queen  
  21  2:06  Zergling x2  
  22  2:24  Queen  
  24  2:30  Drone  
  24  2:36  Drone  
  26  2:41  Drone  
  27  2:46  Drone  
  28  3:00  Lair  
  28  3:04  Zergling x2  
  29  3:08  Zergling x2  
  29  3:10  Drone  
  31  3:15  Drone  
  31  3:17  Drone  
  33  3:20  Zergling x2  
  33  3:24  Zergling x2  
  33  3:26  Zergling x2  
  36  3:33  Overlord  
  36  3:39  Baneling Nest  
  36  3:40  Drone  
  36  3:55  Drone  
  37  3:58  Drone  
  37  4:00  Drone  
  37  4:01  Spire  
  38  4:03  Drone  
  38  4:06  Drone  
  38  4:09  Drone  
  41  4:12  Drone  
  42  4:17  Overlord  
  42  4:23  Baneling  
  42  4:24  Baneling, Zergling x2  
  42  4:25  Baneling  
  42  4:26  Baneling x2  
  42  4:28  Zergling x2  
  44  4:31  Baneling  
  44  4:35  Baneling, Zergling x4  
  44  4:36  Baneling  
  46  4:39  Overlord  
  46  4:48  Roach Warren  
  45  4:56  Hydralisk Den  
  44  5:00  Drone  
  44  5:02  Drone  
  44  5:04  Drone  
  47  5:07  Drone  
  47  5:09  Drone  
  47  5:11  Drone  
  50  5:15  Overlord  
  50  5:18  Drone  
  50  5:20  Drone  
  52  5:22  Drone  
  52  5:25  Hydralisk, Drone  
  52  5:27  Hydralisk  
  58  5:29  Roach  
  58  5:33  Drone  
  58  5:34  Roach  
  63  5:36  Overlord  
  63  5:40  Roach  
  63  5:42  Roach  
  67  5:55  Roach, Drone  
  67  5:56  Overlord  
  70  5:57  Infestation Pit  
  70  5:59  Roach  
  70  6:01  Drone  
  70  6:02  Drone  
  73  6:04  Drone  
  74  6:12  Centrifical Hooks  
  74  6:14  Roach, Drone  
  74  6:15  Overlord  
  74  6:17  Drone  
  78  6:19  Drone  
  78  6:21  Roach  
  81  6:33  Overlord, Metabolic Boost  
  81  6:34  Roach x2, Infestor  
  87  6:42  Extractor  
  87  6:45  Extractor, Drone  
  87  6:46  Hatchery  
  85  6:47  Drone  
  85  6:52  Infestor  
  88  7:04  Overlord, Drone  
  88  7:05  Evolution Chamber, Drone  
  88  7:06  Drone  
  88  7:07  Drone x3  
  93  7:09  Overseer  
  93  7:22  Evolution Chamber, Drone  
  93  7:26  Evolution Chamber, Drone  
  93  7:31  Zerg Missile Weapons Level 1  
  93  7:44  Ravager  
  93  7:47  Overlord, Roach, Zerg Ground Armor Level 1  
  96  7:52  Zerg Melee Weapons Level 1  
  96  7:54  Ravager  
  96  7:56  Roach, Spine Crawler, Drone  
  100  7:58  Drone x2  
  100  7:59  Drone x5  
  100  8:00  Drone x4  
  100  8:01  Drone  
  111  8:07  Overlord  
  111  8:08  Extractor, Drone  
  111  8:11  Drone  
  112  8:16  Hydralisk  
  112  8:17  Infestor, Drone  
  112  8:18  Baneling  
  112  8:19  Drone x2  
  119  8:22  Drone  
  119  8:24  Baneling x2, Drone  
  119  8:25  Drone  
  122  8:27  Overlord  
  122  8:30  Zergling x2, Drone  
  122  8:33  Drone  
  125  8:38  Baneling x2  
  125  8:39  Baneling  
  125  8:40  Zergling x2, Drone  
  127  8:44  Drone  
  127  8:48  Overlord, Zergling x2, Drone  
  126  8:52  Baneling, Zergling x2, Drone  
  126  8:55  Mutalisk  
  117  8:56  Zergling x2  
  117  9:00  Drone  
  108  9:03  Hydralisk  
  108  9:06  Hydralisk  
  101  9:13  Infestor  
  99  9:17  Roach  
  99  9:20  Drone, Hatchery  
  99  9:21  Roach, Drone  
  103  9:30  Extractor, Drone  
  103  9:38  Hatchery  
  92  10:04  Zergling x2  
Tags
 
Add a new tag
Caveats
  • Supply blocks, unpowered buildings, or Contaminate may cause inaccurate times.
  • Supply counts are checked every 10 seconds.